 Dungeon Crawl Stone Soup version 0.24-a0-201-gf205589 (console) character file.

Game seed: 10735905901487987277

14 bli the Skirmisher (level 2, -2/24 HPs)
             Began as a Formicid Abyssal Knight on Mar 24, 2019.
             Was a Follower of Lugonu.
             Slain by a worm (3 damage)
             ... on level 2 of the Dungeon.
             The game lasted 00:01:50 (318 turns).

bli the Skirmisher (Formicid Abyssal Knight)         Turns: 318, Time: 00:01:50

Health: -2/24      AC:  3    Str: 16    XL:     2   Next: 55%
Magic:  3/3        EV: 11    Int: 11    God:    Lugonu [*.....]
Gold:   125        SH:  0    Dex: 10    Spells: 1/1 levels left

rFire    . . .     SeeInvis +   e - -3 long sword (curse)
rCold    . . .     Gourm    .   (no shield)
rNeg     . . .     Faith    .   b - +0 leather armour
rPois    .         Spirit   .   (helmet unavailable)
rElec    .         Reflect  .   (no cloak)
rCorr    .         Harm     .   (no gloves)
MR       .....                  (no boots)
Stlth    +.........             (no amulet)
HPRegen  0.08/turn              (no ring)
MPRegen  0.08/turn              (no ring)

@: no status effects
A: permanent stasis, dig shafts and tunnels, four strong arms, antennae 3
a: Dig, Shaft Self, Depart the Abyss, Renounce Religion


You were on level 2 of the Dungeon.
You worshipped Lugonu.
Lugonu was aware of your devotion.
You were not hungry.

You visited 1 branch of the dungeon, and saw 2 of its levels.
You visited the Abyss 1 time.

You collected 125 gold pieces.

Inventory:

Hand Weapons
 a - a +1 falchion
 e - a cursed -3 long sword (weapon)
Missiles
 f - 23 stones (quivered)
Armour
 b - a +0 leather armour (worn)
Scrolls
 g - a scroll of magic mapping {unknown}
Potions
 d - a potion of ambrosia {unknown}
Comestibles
 c - 4 rations
 h - a chunk of flesh


   Skills:
 - Level 3.2 Fighting
 + Level 2.3 Long Blades
 - Level 2.1 Armour
 * Level 1.3 Dodging
 * Level 1.4 Stealth
 - Level 2.1 Invocations


You had one spell level left.
You didn't know any spells.
Your spell library was empty.

Dungeon Overview and Level Annotations

Branches:
Dungeon (1/15)

Altars:


Innate Abilities, Weirdness & Mutations

You cannot be hasted, slowed, berserked, paralysed or teleported.
You can dig through walls and to a lower floor.
Your four strong arms can wield two-handed weapons with a shield.
You have a pair of large antennae on your head. (SInv)


Message History

The worm is heavily wounded.
You hit the worm but do no damage.
The worm is heavily wounded.
The worm completely misses you.
You hit the worm but do no damage.
The worm is heavily wounded.
The worm bites you.
* * * LOW HITPOINT WARNING * * *
You barely miss the worm.
The worm is heavily wounded.
A bat comes into view.
The worm bites you.
* * * LOW HITPOINT WARNING * * *
The bat moves out of view.
You barely miss the worm.
The worm is moderately wounded.
You slash the worm!
The worm is severely wounded.
The worm bites you.
You die...

(. ###. .... ....
###.#.####...
.........#..
...........
.........
...%..#†######
#........#
#........#
#.w......#
#.@......#
#........##########
#.#)######.....##..
#.#.# #.....##..
#.#.######.....##..
{
#.#............'...
#+#####........##..
#........##..
#........##..
#############


You could see a worm.

Vanquished Creatures
  An adder (D:2)
  A goblin (D:2)
  2 hobgoblins (D:2)
  A frilled lizard (D:2)
5 creatures vanquished.

Notes
Turn   | Place    | Note
-------+----------+-------------------------------------------
     0 | Abyss:1  | bli the Formicid Abyssal Knight began the quest for the
                  | Orb.
     0 | Abyss:1  | Reached XP level 1. HP: 18/18 MP: 2/2
    83 | Abyss:2  | Noticed a large abomination
   102 | Abyss:2  | Noticed a wretched star
   104 | Abyss:2  | Noticed a raiju
   105 | D:1      | Escaped the Abyss
   125 | D:1      | You fall through a shaft!
   138 | D:2      | Reached skill level 1 in Dodging
   194 | D:2      | Reached skill level 1 in Stealth
   194 | D:2      | Reached XP level 2. HP: 6/24 MP: 3/3
   196 | D:2      | Reached * piety under Lugonu
   316 | D:2      | HP: 1/24 [worm (2)]
   318 | D:2      | Slain by a worm

Levels and vault maps discovered:
D:1:      psy_arrival_statuary, layout_loops_cross, minmay_tetromino_i2
D:2:      minmay_spotlight, layout_basic, first_ration,
          chequers_serial_rivers_room_a
Abyss:1:  minivault_24
Abyss:2:  minivault_24, evilmike_abyss_exit_10

Skill      XL: |  1 |
---------------+----+-----
Dodging        | 1 |  1.3
Stealth        | 1 |  1.4
Fighting       | |  3.2
Long Blades    | |  2.3
Armour         | |  2.1
Invocations    | |  2.1

Action                   || total
-------------------------++-------
Melee: Long sword        ||    21
       Falchion          ||     6
Invok: Depart the Abyss  ||     1
 Abil: Shaft Self        ||     1
Armor: Leather armour    ||     2
Dodge: Dodged            ||    14
       Rpst.: Long sword ||     3

Table legend:
 A = Non-vault XP
 B = Vault XP
 C = Vault XP percentage of total XP
 D = Non-vault monster count
 E = Vault monster count
 F = Vault count percentage of total count
                 A         B        C        D         E       F
            +---------+---------+-------+---------+---------+-------
      Total |      20 |       0 |   0.0 |       5 |       0 |   0.0
            +---------+---------+-------+---------+---------+-------
        D:2 |      20 |       0 |   0.0 |       5 |       0 |   0.0
            +---------+---------+-------+---------+---------+-------
